cohdb
Replays
Latest Replays
All Replays
Popular Replays
Top Player Replays
Match Explorer
How It Works
Community
CoH3 Stats
Reddit
Sign in to upload your games and track your stats! →
Sign in with Steam
Match 46359531
Unlisted
Match 46359531
Overview
Messages
Build Orders
End
Selects Italian Combined Arms Battlegroup
Selects Bersaglieri Squad
Bersaglieri Squad
Kradschützen Motorcycle Team
Bersaglieri Squad
Construct Light Support Kompanie
Bersaglieri Squad
Selects Bersaglieri Bolster
Fire Support Elements
Veteran Squad Leaders
Pak 38 Mechanized Group
Combat Half-tracks
2.5-tonne Medical Truck
CAuMOH
✠Kaiser✠ tushkan
Silverstatic
Balzeal
0
0
Comments
sign in to comment!
No comments posted yet!